 Dungeon Crawl Stone Soup version 0.29.1-13-g9f3cf754e1 (webtiles) character file.

Game seed: 5521590359184008728

914 Priul the Purveyor of Pain (level 7, -1/38 HPs)
             Began as a Deep Elf Necromancer on Feb 8, 2023.
             Was an Initiate of Kikubaaqudgha.
             Slain by a two-headed ogre
             ... wielding a +0 giant club
              (13 damage)
             ... on level 5 of the Dungeon.
             The game lasted 00:30:07 (5930 turns).

Priul the Purveyor of Pain (Deep Elf Necromancer)   Turns: 5930, Time: 00:30:08

Health: -1/38      AC:  3    Str:  5    XL:     7   Next: 82%
Magic:  22/29      EV: 12    Int: 22    God:    Kikubaaqudgha [......]
Gold:   310        SH:  0    Dex: 15    Spells: 11/21 levels left

rFire   + . .      SeeInvis +   g - +0 sling
rCold   + . .      Faith    .   (no shield)
rNeg    . . .      Spirit   .   a - +0 robe
rPois   .          Reflect  .   B - +0 helmet
rElec   .          Harm     .   G - scarf {rC+ rF+}
rCorr   .          Rampage  .   (no gloves)
Will    .....                   (no boots)
Stlth   ++........              (no amulet)
HPRegen 0.12/turn               s - ring of magical power
MPRegen 0.21/turn               y - ring of see invisible

@: about to teleport, very slightly contaminated
A: no striking features
a: Renounce Religion


You were on level 5 of the Dungeon.
You worshipped Kikubaaqudgha.
Kikubaaqudgha was noncommittal.
You visited 2 branches of the dungeon, and saw 6 of its levels.

You collected 310 gold pieces.

Inventory:

Hand Weapons
 g - a +0 sling (weapon)
Missiles
 c - 4 boomerangs (quivered)
 p - 14 poisoned darts
 x - 5 datura-tipped darts
Armour
 a - a +0 robe (worn)
 B - a +0 helmet (worn)
 G - a scarf of resistance (worn)
Jewellery
 s - a ring of magical power (left hand)
 y - a ring of see invisible (right hand)
 E - a ring of resist corrosion
Scrolls
 e - a scroll of immolation {unknown}
 f - 2 scrolls of fear {unknown}
 i - 3 scrolls of magic mapping
 j - 3 scrolls of vulnerability {unknown}
 k - a scroll of enchant armour {unknown}
 q - 2 scrolls of poison {unknown}
 r - a scroll of torment {unknown}
 u - 3 scrolls of identify {unknown}
 w - 2 scrolls of teleportation
 D - a scroll of blinking {unknown}
 F - a scroll of noise {unknown}
Potions
 b - a potion of magic
 d - 4 potions of resistance {unknown}
 h - 2 potions of berserk rage
 l - 2 potions of heal wounds
 m - 3 potions of invisibility
 n - 2 potions of flight {unknown}
 o - 3 potions of degeneration {unknown}
 t - 2 potions of haste {unknown}
 v - 2 potions of lignification {unknown}
 z - 3 potions of attraction {unknown}
 A - a potion of cancellation {unknown}
 C - 2 potions of curing {unknown}


   Skills:
 + Level 1.1 Fighting
 + Level 2.1 Ranged Weapons
 + Level 1.4 Throwing
 + Level 2.5 Dodging
 + Level 3.1 Stealth
 + Level 7.8 Spellcasting
 + Level 8.7 Necromancy


You had 11 spell levels left.
You knew the following spells:

 Your Spells              Type           Power      Damage    Failure   Level
a - Necrotise             Necr           100%       1d9       1%          1
b - Vampiric Draining     Necr           47%        2d9       1%          3
c - Animate Dead          Necr           47%        N/A       1%          4
d - Poisonous Vapours     Pois/Air       16%        N/A       12%         2

Your spell library contained the following spells:

 Spells                   Type           Power      Damage    Failure   Level
 Agony                    Necr           47%        N/A       6%          5
 Apportation              Tloc           16%        N/A       8%          1
 Sting                    Tmut/Pois      32%        1d4       8%          1
 Summon Small Mammal      Summ           32%        N/A       8%          1
 Gell's Gravitas          Tloc           8%         N/A       22%         3
 Lesser Beckoning         Tloc           8%         N/A       22%         3
 Teleport Other           Tloc           8%         N/A       22%         3
 Olgreb's Toxic Radiance  Pois           8%         N/A       58%         4


Dungeon Overview and Level Annotations

Branches:
Dungeon (5/15)             Temple (1/1) D:5

Altars:
Ashenzari
Dithmenos
Elyvilon
Fedhas
Gozag
Hepliaklqana
Kikubaaqudgha
Makhleb
Okawaru
Qazlal
Sif Muna
Trog
Uskayaw
Vehumet
Wu Jian
Yredelemnul
Zin
The Shining One

Shops:
D:1 [


Message History

Press: ? - help, Dir - move target, f/p - two-headed ogre
Aim: a two-headed ogre, wielding two +0 giant clubs (ally target) Poisonous vapours surround the two-headed ogre!
The two-headed ogre is poisoned.
Your orc zombie hits the two-headed ogre but does no damage.
The two-headed ogre hits your orc zombie with a +0 giant club!!!
Your orc zombie is destroyed!
Your orc zombie hits the two-headed ogre but does no damage.
The two-headed ogre hits your orc zombie with a +0 giant club!
Your orc zombie is destroyed!
Casting: Poisonous Vapours (safe; 12% risk of failure)
Confirm with . or Enter, or press ? or * to list all spells.
Aiming: Necrotise (safe; 1% risk of failure)
Press: ? - help, Shift-Dir - straight line, f/p - two-headed ogre
Aim: a two-headed ogre, wielding two +0 giant clubs (lightly wounded, poisoned, ally target, chance to affect: 70%)
The two-headed ogre writhes in agony.
Your orc zombie hits the two-headed ogre but does no damage.
Casting: Necrotise (safe; 1% risk of failure)
Confirm with . or Enter, or press ? or * to list all spells.
Aiming: Necrotise (safe; 1% risk of failure)
Press: ? - help, Shift-Dir - straight line, f/p - two-headed ogre
Aim: a two-headed ogre, wielding two +0 giant clubs (lightly wounded, poisoned, ally target, chance to affect: 70%)
The two-headed ogre writhes in agony.
Your orc zombie barely misses the two-headed ogre.
Casting: Necrotise (safe; 1% risk of failure)
Confirm with . or Enter, or press ? or * to list all spells.
Aiming: Necrotise (safe; 1% risk of failure)
Press: ? - help, Shift-Dir - straight line, f/p - two-headed ogre
Aim: a two-headed ogre, wielding two +0 giant clubs (lightly wounded, poisoned, ally target, chance to affect: 70%)
The two-headed ogre writhes in agony.
The two-headed ogre looks more healthy.
As you read the scroll labelled EPTUTA LUTTE, it crumbles to dust.
You feel strangely unstable.
It was a scroll of teleportation.
The two-headed ogre barely misses you.
The two-headed ogre hits you with a +0 giant club!!
Ouch! That really hurt!
The two-headed ogre attacks as you move away!
The two-headed ogre closely misses you.
The two-headed ogre hits you with a +0 giant club!
You die...
Kikubaaqudgha rasps: "You have failed me!
Welcome... death!"

..))#.......#
....#......#######
....#......##....#
....#......##....#
##'##......##....#
................#
................#
................#
..##......##...@#
##'######..O.#
#.... #.Z..#
#......##....# .
.......)...#
...........#
...........#
.....####### ###+#


You could see a two-headed ogre (ally target) and a friendly orc zombie.

Vanquished Creatures
  Sigmund (D:4)
  A water moccasin (D:4)
  A phantom (D:3)
  A scorpion (D:4)
  A howler monkey (D:5)
  An orc priest (D:5)
  4 iguanas
  4 orc wizards (D:5)
  Robin (D:3)
  4 adders
  A gnoll (D:4)
  An adder zombie (D:2)
  An adder skeleton (D:2)
  4 worms (D:2)
  2 dart slugs (D:2)
  11 orcs
  7 endoplasms
  3 giant cockroaches
  16 goblins
  11 hobgoblins
  4 jackals
  7 quokkas
  9 ball pythons
  A ball python zombie (D:2)
  5 bats
  3 frilled lizards
  A jackal zombie (D:2)
  8 kobolds
  6 rats
120 creatures vanquished.

Vanquished Creatures (collateral kills)
  An orc priest (D:5)
  2 gnolls (D:4)
  2 orcs (D:5)
  A bat zombie (D:2)
  2 goblins (D:3)
  A hobgoblin (D:4)
  A jackal (D:3)
  A kobold (D:3)
  A ball python zombie (D:2)
  A giant cockroach zombie (D:2)
  A jackal skeleton (D:2)
  A quokka zombie (D:5)
  A rat (D:3)
  A butterfly (D:5)
17 creatures vanquished.

Vanquished Creatures (others)
  A scorpion zombie (D:4)
  A howler monkey zombie (D:5)
  2 adder zombies
  An iguana zombie (D:4)
  A bat zombie (D:3)
  A ball python zombie (D:4)
  A goblin zombie (D:3)
  3 hobgoblin zombies (D:3)
  2 jackal zombies (D:3)
  7 orc zombies
  A quokka zombie (D:4)
  4 fungi (D:2)
  5 plants (D:2)
30 creatures vanquished.

Grand Total: 167 creatures vanquished

Notes
Turn   | Place    | Note
-------+----------+-------------------------------------------
     0 | D:1      | Priul the Deep Elf Necromancer began the quest for the Orb.
     0 | D:1      | Reached XP level 1. HP: 10/10 MP: 6/6
    32 | D:1      | Reached skill level 5 in Necromancy
   184 | D:1      | Found Togaqib's Armour Shop.
   256 | D:1      | Reached XP level 2. HP: 15/15 MP: 5/8
   974 | D:2      | Reached XP level 3. HP: 11/19 MP: 10/10
  1105 | D:2      | Learned a level 3 spell: Vampiric Draining
  1577 | D:2      | Reached skill level 1 in Ranged Weapons
  1881 | D:2      | Found a faded altar of an unknown god.
  1934 | D:2      | Reached XP level 4. HP: 24/24 MP: 8/11
  2114 | D:2      | Reached skill level 6 in Necromancy
  2361 | D:2      | Learned a level 4 spell: Animate Dead
  3127 | D:3      | Noticed Robin
  3166 | D:3      | Killed Robin
  3167 | D:3      | Reached XP level 5. HP: 25/28 MP: 0/14
  3592 | D:3      | Learned a level 2 spell: Poisonous Vapours
  3642 | D:4      | Noticed Sigmund
  3724 | D:4      | Killed Sigmund
  3725 | D:4      | Reached skill level 5 in Spellcasting
  3725 | D:4      | Reached skill level 7 in Necromancy
  3725 | D:4      | Reached XP level 6. HP: 15/33 MP: 8/16
  4007 | D:4      | Found a burning altar of Makhleb.
  4009 | D:4      | Found a bloodstained altar of Trog.
  4017 | D:4      | Found a blossoming altar of Fedhas.
  4126 | D:4      | Noticed a water moccasin
  4140 | D:4      | Killed a water moccasin
  4218 | D:4      | Reached XP level 7. HP: 37/37 MP: 19/19
  4511 | D:3      | Reached skill level 8 in Necromancy
  4987 | D:5      | Entered Level 5 of the Dungeon
  4987 | D:5      | Found a staircase to the Ecumenical Temple.
  5006 | D:5      | Reached skill level 1 in Fighting
  5045 | D:5      | Reached skill level 1 in Throwing
  5152 | Temple   | Entered the Ecumenical Temple
  5187 | Temple   | Became a worshipper of Kikubaaqudgha
  5916 | D:5      | Noticed a two-headed ogre
  5930 | D:5      | Slain by a two-headed ogre

Illustrated notes

Levels and vault maps discovered:
D:1:      dpeg_arrival_tiny_f, layout_basic, serial_shops,
          nicolae_shop_temple_entry_statues_fountains, grunt_decor_junction,
          minmay_misc_feat_encased
D:2:      layout_loops_corners, serial_undead, serial_undead_e, serial_undead_f,
          serial_undead_e, serial_undead_f, serial_undead_a, serial_undead_a,
          dreamdust_ecumenical_altar_grove
D:3:      kennysheep_goblin_castle, layout_basic, minmay_misc_feat_room,
          minivault_11
D:4:      layout_loops_ring, grunt_temple_overflow_open,
          kennysheep_generic_room_9, uniq_sigmund
D:5:      layout_gridville, minmay_temple_entry_butterflies,
          roderic_roman_lattice
Temple:   hellmonk_temple_two_chambers

Skill      XL: |  1  2  3  4  5  6  7 |
---------------+----------------------+-----
Necromancy     | 5 6 7 8 |  8.7
Ranged Weapons | 1 2 |  2.1
Spellcasting   | 4 5 6 7 |  7.8
Stealth        | 3 |  3.1
Fighting       | 1 |  1.1
Throwing       | 1 |  1.4
Dodging        | |  2.5

Action                   |  1- 3 |  4- 6 |  7- 9 || total
-------------------------+-------+-------+-------++-------
 Fire: Sling             |    23 |     4 |    12 ||    39
Throw: Boomerang         |       |       |    17 ||    17
       Dart              |       |       |     2 ||     2
 Cast: Necrotise         |    75 |    81 |    69 ||   225
       Vampiric Draining |       |     9 |     2 ||    11
       Animate Dead      |       |     5 |     5 ||    10
       Poisonous Vapours |       |       |     2 ||     2
  Use: Scroll            |       |       |     2 ||     2
       Potion            |       |       |     2 ||     2
Armor: Robe              |     6 |     8 |     5 ||    19
Dodge: Dodged            |    18 |    31 |    28 ||    77
